 Dungeon Crawl Stone Soup version 0.27-a0-797-g27d10ad80f (webtiles) character file.

Game seed: 5616530881422980052

2907 dickylongcocking the Charlatan (level 9, 0/68 HPs)
             Began as a Djinni Artificer on Mar 27, 2021.
             Was a Follower of Makhleb.
             Slain by a wight
             ... wielding a +0 spear
              (5 damage)
             ... on level 7 of the Dungeon.
             The game lasted 00:09:49 (8598 turns).

dickylongcocking the Charlatan (Djinni Artificer)   Turns: 8598, Time: 00:09:50

Health: 0/68       AC:  5    Str: 11    XL:     9   Next: 78%
Gold:   285        EV: 10    Int: 15    God:    Makhleb [*.....] SH:  5 Dex: 15

rFire    + + .     SeeInvis .   m - +8 Wrath of Trog {antimagic, *Rage}
rCold    x . .     Faith    .   (shield currently unavailable)
rNeg     . . .     Spirit   .   x - +0 ring mail
rPois    ∞         Reflect  +   (no helmet)
rElec    .         Harm     .   (no cloak)
rCorr    .         Rampage  .   (no gloves)
Will     .....     Rnd*Rage +   (boots unavailable)
Stlth    +.........             f - amulet of reflection
HPRegen  0.21/turn              (no ring)
MPRegen  0.00/turn              (no ring)

@: berserk cooldown, flying, slowed, studying Short Blades, very slow
A: fire resistance 2, cold vulnerability 1, float, innate caster, hp casting,
extra vitality 1
a: Renounce Religion


You were on level 7 of the Dungeon.
You worshipped Makhleb.
Makhleb was aware of your devotion.
You visited 2 branches of the dungeon, and saw 8 of its levels.

You collected 285 gold pieces.

Inventory:

Hand Weapons
 a - a +0 club
 k - a +0 whip
 l - a +0 hand axe of flaming
 m - the +8 Wrath of Trog (weapon) {antimagic, *Rage}
   (You found it on level 4 of the Dungeon)

   It reduces the magical energy of the wielder, and disrupts the spells and
   magical abilities of those hit.
   Natural abilities and divine invocations are not affected.
   It may make you go berserk in combat.
 o - a +0 short sword of venom
Armour
 b - a +0 leather armour
 x - a +0 ring mail (worn)
Jewellery
 f - an amulet of reflection (around neck)
 n - a ring of flight
Wands
 c - a wand of flame (15) (quivered)
 d - a wand of charming (1)
 e - a wand of random effects (13)
 v - a wand of iceblast (9)
Scrolls
 h - 2 scrolls of noise {unknown}
 i - 2 scrolls of brand weapon {unknown}
 p - a scroll of enchant armour {unknown}
 q - 9 scrolls of identify {unknown}
 w - 4 scrolls of immolation {unknown}
 y - a scroll of teleportation {unknown}
 z - a scroll of fear {unknown}
 A - a scroll of fog {unknown}
Potions
 g - a potion of heal wounds {unknown}
 j - 2 potions of lignification {unknown}
 r - 2 potions of curing
 s - a potion of resistance
 t - a potion of mutation {unknown}
 u - a potion of might {unknown}


   Skills:
 * Level 7.0 Fighting
 - Level 2.0 Short Blades
 - Level 4.0 Axes
 - Level 1.0 Armour
 - Level 2.1 Dodging
 - Level 0.7 Stealth
 * Level 5.3 Spellcasting
 * Level 7.6 Evocations


You had 9 spell levels left.
You knew the following spells:

 Your Spells              Type           Power      Damage    Failure   Level
a - Beastly Appendage     Tmut           40%        N/A       4%          1
b - Poisonous Vapours     Pois/Air       40%        N/A       6%          2
c - Animate Dead          Necr           10%        N/A       38%         4
z - Call Imp              Summ           20%        N/A       6%          2
Your spell library was empty.

Dungeon Overview and Level Annotations

Branches:
Dungeon (7/15)             Temple (1/1) D:4

Altars:
Ashenzari
Dithmenos
Gozag
Hepliaklqana
Makhleb
Okawaru
Qazlal
Ru
Sif Muna
Trog
Uskayaw
Vehumet
Wu Jian
Xom
Zin
The Shining One

Shops:
D:4 (   D:6 !


Innate Abilities, Weirdness & Mutations

You are immune to poison.
Your flesh is very heat resistant. (rF++)
You are vulnerable to cold. (rC-)
You float through the air rather than walking.
You learn spells naturally, not from books.
Your magical power is your life essence.
You have superior vitality. (+4 HP)


Message History

You feel yourself slow down. The gnoll closely misses you.
The gnoll sergeant hits you with a +3 vorpal trident!
* * * LOW HITPOINT WARNING * * *
x2 The wight barely misses you.
Unknown command.
Okay, then.
Okay, then.
Aiming: Iceblast
Press: ? - help, Shift-Dir - straight line
Okay, then.
Aiming: Charm
Press: ? - help, Shift-Dir - straight line, f - gnoll sergeant
Aim: a gnoll sergeant, wielding a +3 vorpal trident and wearing a +0 ring mail (chance to affect: 67%)
The gnoll sergeant is charmed.
The gnoll hits you from afar with a +0 spear!
* * * LOW HITPOINT WARNING * * *
The orc hits your gnoll sergeant with a +0 hand axe.
You block the orc's attack.
The wight hits you from afar with a +0 spear.
* * * LOW HITPOINT WARNING * * *
The orc barely misses you. You block the gnoll's attack.
Unknown command.
Unknown command.
Unknown command.
Unknown command.
Unknown command.
Unknown command.
Okay, then.
You feel better.
The orc barely misses your gnoll sergeant.
The orc hits you with a +0 dagger.
* * * LOW HITPOINT WARNING * * *
The orc misses you.
The wight hits you from afar with a +0 spear.
* * * LOW HITPOINT WARNING * * *
The gnoll barely misses you.
The orc barely misses your gnoll sergeant.
The orc hits you but does no damage.
The wight hits you from afar with a +0 spear.
You die...

#?# ######## #.#
#......# #.# #......#
#.#########
#.....>#####.........#
#...........)........##
#..........#.)zg.......
##..........#.)))o......
#....<#.....#..)@oo.....
..#######.#######g......
..## #.......###.......
...# #.........#.......
...####.........#...!...
........####....#######.
...###### ###### ...#
####


You could see a wight, a gnoll, 3 orcs and a friendly gnoll sergeant (charmed).

Vanquished Creatures
  Pikel (D:5)
  Grinder (D:6)
  Duvessa (D:4)
  A sky beast (D:6)
  2 ice beasts
  An ogre (D:5)
  A bullfrog (D:6)
  A scorpion (D:5)
  A water moccasin skeleton (D:5)
  3 wights (D:7)
  4 centaur zombies
  3 jellies
  3 bullfrog zombies (D:5)
  An orc priest (D:3)
  5 bullfrog skeletons
  2 hounds (D:5)
  3 iguanas
  Natasha (twice) (D:2)
  An orc wizard (D:5)
  A killer bee zombie (D:5)
  2 hound skeletons
  A howler monkey zombie (D:5)
  A howler monkey skeleton (D:5)
  7 gnolls
  8 adders
  4 shadow imps (D:6)
  An ufetubus (D:6)
  An adder zombie (D:5)
  A worm (D:2)
  4 dart slugs
  11 orcs
  6 bats
  7 endoplasms
  2 giant cockroaches
  13 goblins
  7 hobgoblins
  10 jackals
  2 quokkas
  4 ball pythons
  14 frilled lizards
  6 kobolds
  A rat (D:2)
151 creatures vanquished.

Vanquished Creatures (collateral kills)
  A phantom (D:5)
  Dowan (D:4)
  A scorpion (D:4)
  An endoplasm (D:3)
  3 jackals (D:4)
7 creatures vanquished.

Vanquished Creatures (others)
  Natasha (D:2)
  2 adders
  3 orcs (D:3)
  5 plants (D:3)
  2 withered plants (D:5)
13 creatures vanquished.

Grand Total: 171 creatures vanquished

Notes
Turn   | Place    | Note
-------+----------+-------------------------------------------
     0 | D:1      | dickylongcocking the Djinni Artificer began the quest for
                  | the Orb.
     0 | D:1      | Reached XP level 1. HP: 17/17 MP: 0/0
   223 | D:1      | Reached XP level 2. HP: 18/22 MP: 0/0
  1119 | D:1      | Reached XP level 3. HP: 28/28 MP: 0/0
  1119 | D:1      | Learned a level 1 spell: Beastly Appendage
  1842 | D:2      | Noticed Natasha
  1859 | D:2      | Your ally died
  2530 | D:2      | Reached XP level 4. HP: 34/34 MP: 0/0
  2661 | D:2      | Noticed Natasha
  2672 | D:2      | Killed Natasha
  2673 | D:2      | Reached skill level 1 in Spellcasting
  2695 | D:2      | Noticed Natasha
  2706 | D:2      | Killed Natasha
  3244 | D:3      | Reached XP level 5. HP: 30/40 MP: 0/0
  3244 | D:3      | Learned a level 2 spell: Call Imp
  4473 | D:4      | Found the +8 Wrath of Trog {antimagic, *Rage}
  4483 | D:4      | Noticed Dowan
  4488 | D:4      | Noticed Duvessa
  4501 | D:4      | Killed Dowan
  4502 | D:4      | Reached skill level 1 in Short Blades
  4502 | D:4      | Reached XP level 6. HP: 33/46 MP: 0/0
  4541 | D:4      | Killed Duvessa
  4542 | D:4      | Reached XP level 7. HP: 28/52 MP: 0/0
  4542 | D:4      | Learned a level 2 spell: Poisonous Vapours
  4888 | D:4      | Reached skill level 5 in Evocations
  4925 | D:4      | Found Moeleabir's Weapon Boutique.
  5099 | D:4      | Found a broken altar of Ashenzari.
  5249 | D:4      | Found a staircase to the Ecumenical Temple.
  5447 | Temple   | Entered the Ecumenical Temple
  5480 | Temple   | Became a worshipper of Makhleb the Destroyer
  5511 | D:5      | Entered Level 5 of the Dungeon
  5522 | D:5      | Reached skill level 1 in Axes
  6099 | D:5      | Reached XP level 8. HP: 49/58 MP: 0/0
  6263 | D:5      | Reached skill level 5 in Fighting
  6616 | D:5      | Reached * piety under Makhleb
  7015 | D:5      | Noticed Pikel
  7025 | D:5      | Killed Pikel
  7026 | D:5      | Reached XP level 9. HP: 55/66 MP: 0/0
  7026 | D:5      | Learned a level 4 spell: Animate Dead
  7243 | D:5      | You are sucked into a shaft and drop 1 floor!
  7644 | D:6      | Found Meej's Distillery.
  7646 | D:6      | Found an ornate altar of the Wu Jian Council.
  7837 | D:6      | Reached skill level 5 in Spellcasting
  7962 | D:6      | Noticed Grinder
  7973 | D:6      | Killed Grinder
  8526 | D:6      | Identified the +12 mace "Tuysiyck" {vorpal, rElec}
  8597 | D:7      | HP: 2/68 [wight/+0 spear (4)]
  8598 | D:7      | Slain by a wight

Illustrated notes

Levels and vault maps discovered:
D:1:      dpeg_arrival_stonehenge_12_columns, layout_loops_ring, serial_rivers,
          chequers_serial_rivers_small_b, chequers_serial_rivers_micro_b,
          chequers_serial_rivers_micro_d, chequers_serial_rivers_small_3,
          chequers_serial_rivers_micro_c, chequers_serial_rivers_micro_c
D:2:      layout_loops_ring, uniq_natasha
D:3:      layout_rooms, minmay_lizard_king
D:4:      layout_cave_pools, minmay_temple_entry_enclosed_plants, serial_shops,
          shop, evilmike_ruin_ashenzari, uniq_duvessa
D:5:      layout_basic, serial_undead, serial_undead_f, serial_undead_b,
          serial_undead_e, serial_undead_c, serial_undead_b, serial_undead_c,
          serial_undead_a, nicolae_sextant, minmay_manual_monstrance, uniq_pikel
D:6:      layout_basic, serial_shops, nicolae_shop_statue_plus, basic_altar,
          st_stairs_6, minmay_misc_feat_enclosed, uniq_grinder
D:7:      layout_basic
Temple:   nicolae_temple_the_god_donut

Skill      XL: |  1  2  3  4  5  6  7  8  9 |
---------------+----------------------------+-----
Fighting       | 2 3 4 5 7 |  7.0
Spellcasting   | 1 2 3 4 5 |  5.3
Evocations     | 4 5 6 7 |  7.6
Short Blades   | 1 2 |  2.0
Axes           | 2 3 4 |  4.0
Armour         | |  1.0
Dodging        | |  2.1
Stealth        | |  0.7

Action                   |  1- 3 |  4- 6 |  7- 9 || total
-------------------------+-------+-------+-------++-------
Melee: Club              |   152 |       |       ||   152
       Headbutt          |     2 |       |       ||     2
       Whip              |     1 |     5 |       ||     6
       Hand axe          |       |    25 |       ||    25
       Short sword       |       |    83 |       ||    83
       Battleaxe         |       |    11 |   161 ||   172
 Cast: Beastly Appendage |     6 |     2 |       ||     8
       Call Imp          |       |     8 |    16 ||    24
       Poisonous Vapours |       |       |     5 ||     5
Evoke: Wand              |    13 |    16 |     3 ||    32
  Use: Potion            |       |     3 |     1 ||     4
       Scroll            |       |     1 |       ||     1
 Stab: Sleeping          |     1 |     1 |       ||     2
Armor: Leather armour    |    38 |    39 |    28 ||   105
       Ring mail         |       |       |    40 ||    40
Dodge: Dodged            |   108 |    80 |    97 ||   285
Block: Other             |    37 |    36 |    44 ||   117
       Reflection        |     1 |     1 |       ||     2

Table legend: (Time is in decaauts)
 A = Elapsed time spent in this place.
 B = Non-inter-level travel time spent in this place.
 C = Inter-level travel time spent in this place.
 D = Time resting spent in this place.
 E = Time spent auto-exploring this place.
 F = Levels seen in this place.
 G = Mean time per level.
                   A        B        C        D        E       F      G
               +--------+--------+--------+--------+--------+-----+--------+
         Total |   9002 |   8697 |    305 |   1972 |   5380 |   8 | 1125.2 |
       Dungeon |   8952 |   8663 |    289 |   1972 |   5356 |   7 | 1278.9 |
        Temple |     49 |     34 |     15 |      0 |     24 |   1 |   49.0 |
               +--------+--------+--------+--------+--------+-----+--------+

Top non-repeatable levels by time:
     D:2: 2033 daAuts
     D:5: 1847 daAuts
     D:1: 1519 daAuts
     D:4: 1285 daAuts
     D:6: 1219 daAuts
     D:3: 979 daAuts
     D:7: 67 daAuts
  Temple: 49 daAuts
